 Dungeon Crawl Stone Soup version 0.22.1-2-g9c5b331383 (webtiles) character file.

88 Marnok the Skirmisher (level 4, -3/49 HPs)
             Began as an Ogre Fighter on Nov 27, 2018.
             Slain by an ogre
             ... wielding a +0 giant club
              (22 damage)
             ... on level 4 of the Dungeon.
             The game lasted 00:11:34 (1732 turns).

Marnok the Skirmisher (Ogre Fighter)                Turns: 1732, Time: 00:11:35

Health: -3/49      AC:  3    Str: 21    XL:     4   Next: 53%
Magic:  4/4        EV:  8    Int:  9    God:
Gold:   207        SH:  8    Dex:  8    Spells: 3/3 levels left

rFire    . . .     SeeInvis .   a - +0 war axe
rCold    . . .     Gourm    .   c - +0 shield
rNeg     . . .     Faith    .   b - +0 robe
rPois    .         Spirit   .   (helmet restricted)
rElec    .         Reflect  .   (no cloak)
rCorr    .         Harm     .   (gloves unavailable)
MR       .....                  (boots unavailable)
Stlth    +.........             (no amulet)
HPRegen  0.16/turn              (no ring)
MPRegen  0.09/turn              (no ring)

@: no status effects
A: large, unfitting armour, tough skin 1
a: no special abilities


You were on level 4 of the Dungeon.
You were not hungry.

You visited 1 branch of the dungeon, and saw 4 of its levels.

You collected 207 gold pieces.

Inventory:

Hand Weapons
 a - a +0 war axe (weapon)
 u - a +0 war axe
Armour
 b - a +0 robe (worn)
 c - a +0 shield (worn)
 n - a +0 robe
 p - a +2 shield of protection
 t - a +1 ring mail of fire resistance
Jewellery
 i - an uncursed ring of stealth {unknown}
 m - an uncursed amulet of regeneration {unknown}
 r - a cursed -2 ring of protection {unknown}
Wands
 w - a wand of iceblast (5)
Scrolls
 e - 2 scrolls of random uselessness {unknown}
 g - a scroll of fear {unknown}
 h - 2 scrolls of teleportation {unknown}
 k - 4 scrolls of identify {unknown}
 l - 3 scrolls of amnesia {unknown}
 q - 2 scrolls of fog {unknown}
 x - a scroll of immolation {unknown}
 y - 2 scrolls of blinking {unknown}
 z - a scroll of enchant armour {unknown}
Potions
 d - 2 potions of might
 j - 2 potions of curing {unknown}
 o - a potion of magic {unknown}
 s - a potion of heal wounds {unknown}
 v - a potion of brilliance {unknown}
Comestibles
 f - 7 rations
 A - 3 chunks of flesh


   Skills:
 + Level 4.6 Fighting
 + Level 3.0 Axes
 + Level 3.5 Dodging
 + Level 0.3 Stealth
 + Level 3.0 Shields


You had 3 spell levels left.
You didn't know any spells.
Your spell library was empty.

Dungeon Overview and Level Annotations

Branches:
Dungeon (4/15)
 Temple: D:4-7

Altars:
Gozag
Zin


Innate Abilities, Weirdness & Mutations

You are too large for most types of armour.
You have tough skin. (AC +1)


Message History

The giant cockroach bites you.
You slash the giant cockroach!
You kill the giant cockroach!
You see here a giant cockroach corpse.
You now have 203 gold pieces (gained 1).
You now have 204 gold pieces (gained 1).
You now have 206 gold pieces (gained 2).
You now have 207 gold pieces (gained 1).
You see here a giant cockroach corpse.
There is an open door here.
An ogre comes into view. It is wielding a giant club.
The ogre shouts!
The ogre hits you with a giant club!!
You slash the ogre!
The ogre is moderately wounded.
The ogre hits you with a giant club!
You hit the ogre.
The ogre is moderately wounded.
The ogre hits you with a giant club!!
You die...

........ #.# .###
#.....#. #.#
..#...+.....#.
#.##..#..##.....#.
......#..##.....+.
#..#......+.....##
#.... #.##.....##
#.###O.##.##.###.#####
#....@....##..........
#####.######.#########
#.# #.# #..... #.#
#.####._... #.#
#....#..... #.#
#.##.##.†.. #.#
#.##..###'#
#.######.###.....#
#........# #######


You could see an ogre.

Vanquished Creatures
  Terence (D:2)
  2 adders (D:3)
  A dart slug (D:3)
  2 orcs (D:3)
  3 bats
  6 giant cockroaches
  3 goblins
  4 hobgoblins
  2 quokkas
  4 frilled lizards
  10 kobolds
  3 rats
41 creatures vanquished.

Notes
Turn   | Place    | Note
-------+----------+-------------------------------------------
     0 | D:1      | Marnok the Ogre Fighter began the quest for the Orb.
     0 | D:1      | Reached XP level 1. HP: 24/24 MP: 1/1
   224 | D:1      | Reached XP level 2. HP: 26/32 MP: 2/2
   691 | D:2      | Noticed Terence
   694 | D:2      | Killed Terence
   694 | D:2      | Reached XP level 3. HP: 36/39 MP: 3/3
  1237 | D:3      | Reached XP level 4. HP: 45/49 MP: 4/4
  1686 | D:4      | Found a glowing silver altar of Zin.
  1687 | D:4      | Found an opulent altar of Gozag.
  1727 | D:4      | Noticed an ogre
  1732 | D:4      | Slain by an ogre

Skill      XL: |  1  2  3  4 |
---------------+-------------+-----
Dodging        | 3 |  3.5
Shields        | 3 |  3.0
Axes           | 3 |  3.0
Fighting       | |  4.6
Stealth        | |  0.3

Action                   |  1- 3 |  4- 6 || total
-------------------------+-------+-------++-------
Melee: War axe           |    68 |    54 ||   122
  Eat: Ration            |     1 |       ||     1
Armor: Robe              |    17 |     9 ||    26
Dodge: Dodged            |    27 |    20 ||    47
Block: Shield            |    29 |    26 ||    55
